 Dungeon Crawl Stone Soup version 0.30-a0-1160-g6e42c06551 (webtiles) character file.

Game seed: 4521908159996636328

401 voltaire321 the Shield-Bearer (level 7, -2/55 HPs)
             Began as a Formicid Fighter on Apr 25, 2023.
             Slain by a black bear (11 damage)
             ... on level 4 of the Dungeon.
             The game lasted 00:07:24 (2895 turns).

voltaire321 the Shield-Bearer (Formicid Fighter)    Turns: 2895, Time: 00:07:24

Health: -2/55      AC: 14    Str: 23    XL:     7   Next: 11%
Magic:  7/7        EV:  7    Int:  7    God:
Gold:   231        SH:  5    Dex: 13    Spells: 6/6 levels left

rFire   + . .        a - +0 war axe
rCold   . . .        c - +0 buckler
rNeg    . . .        o - +2 plate armour of the Eternal Fruit {rF+ Will+}
rPois   .            (helmet unavailable)
rElec   .            (no cloak)
rCorr   .            (no gloves)
SInv    +            (no boots)
Will    +....        (no amulet) Stlth
                     (no ring)
HPRegen 0.29/turn    (no ring)
MPRegen 0.10/turn

%: no passive effects
@: no status effects
A: permanent stasis, dig shafts and tunnels, antennae 3, four strong arms
a: Dig, Shaft Self


You were on level 4 of the Dungeon.
You visited 1 branch of the dungeon, and saw 4 of its levels.

You collected 231 gold pieces.

Inventory:

Hand Weapons
 a - a +0 war axe (weapon)
Armour
 c - a +0 buckler (worn)
 o - the +2 plate armour of the Eternal Fruit (worn) {rF+ Will+}
   (You found it on level 2 of the Dungeon)

   rF:        It protects you from fire.
   Will:      It increases your willpower.
Wands
 q - a wand of charming (3)
Scrolls
 b - 4 scrolls of identify {unknown}
 f - a scroll of magic mapping {unknown}
 g - 3 scrolls of noise {unknown}
 j - a scroll of blinking {unknown}
 k - 2 scrolls of fog {unknown}
 l - 2 scrolls of poison {unknown}
 n - a scroll of immolation {unknown}
 p - a scroll of enchant armour {unknown}
Potions
 d - a potion of might
 e - 5 potions of curing
 h - a potion of cancellation {unknown}
 i - a potion of resistance {unknown}
 m - a potion of mutation {unknown}


   Skills:
 + Level 4.6 Fighting
 + Level 3.5 Axes
 + Level 4.7 Armour
 + Level 2.4 Dodging
 + Level 5.6 Shields
 + Level 0.5 Evocations


You had 6 spell levels left.
You didn't know any spells.
Your spell library contained the following spells:

 Spells                   Type           Power      Damage    Failure   Level
 Lesser Beckoning         Tloc           0%         N/A       100%        2
 Momentum Strike          Conj/Tloc      0%         3d8       100%        2
 Blink                    Tloc           Unusable   N/A       N/A         2

Dungeon Overview and Level Annotations

Branches:
Dungeon (4/15)
 Temple: D:4-7

Altars:

Annotations:
D:4 Pikel


Innate Abilities, Weirdness & Mutations

You cannot be hasted, slowed, berserked, paralysed or teleported.
You can dig through walls and to a lower floor.
You have a pair of large antennae on your head. (SInv)
Your four strong arms can wield two-handed weapons with a shield.


Message History

Pikel is lightly wounded.
You hit the black bear. You hit the lemure.
You hit the lemure but do no damage. You slash the lemure!
Pikel barely misses you. You block the lemure's attack.
The lemure completely misses you. The lemure hits you.
The black bear bites you.
The black bear claws you but does no damage.
The black bear claws you.
You hit Pikel but do no damage.
Pikel is lightly wounded.
You hit the lemure but do no damage. You slash the black bear!
You barely miss the lemure. x2
Pikel hits you with a +0 whip of freezing.
Pikel freezes you. The lemure hits you but does no damage.
The black bear barely misses you. x2
The black bear claws you but does no damage.
The lemure completely misses you. The lemure barely misses you.
You closely miss Pikel.
Pikel is lightly wounded.
You miss the lemure. You slash the black bear! You closely miss the lemure.
You hit the lemure. Pikel hits you but does no damage.
The lemure barely misses you.
The black bear goes berserk!
The lemure hits you but does no damage. x2; The lemure barely misses you.
Pikel hits you with a +0 whip of freezing.
Pikel freezes you. You block the lemure's attack. The black bear bites you!
* * * LOW HITPOINT WARNING * * *
The black bear claws you but does no damage. x2
The lemure barely misses you.
You hear a howl!
It was a potion of curing.
You feel better.
The black bear bites you but does no damage.
The black bear claws you.
* * * LOW HITPOINT WARNING * * *
You block the black bear's attack. The lemure barely misses you. x2
The black bear barely misses you. You block the black bear's attack.
The black bear claws you but does no damage.
Pikel attacks as you move away! Pikel hits you but does no damage.
The black bear attacks as you move away!
The black bear bites you!
You die...

..................[..............
.............##..................
...#.#............##.......#<....
....##...........# #.....[.......
...##...........## #..........#..
?## #...........# #...#.##..##..
. ..(.........(.## #.....##..##.#
.............5.#.#..........#..
.............5K@†........ #...<.
..............h5....... ###..#
.............5.#...... #...
#......##.....#...... .......
..!. #...... ....# ....... .#.
#.....#....#.. ........ #
#..#..#...## . .....##.
..##....... .#... #. ...
##....$.. ### ..


You could see Pikel, a black bear (berserk) and 4 lemures.

Vanquished Creatures
  Sigmund (D:3)
  A jelly (D:4)
  A hound (D:4)
  Ijyb (D:3)
  2 orc wizards (D:3)
  Robin (D:3)
  3 adders
  3 orcs (D:3)
  7 ball pythons
  4 endoplasms
  A giant cockroach (D:1)
  19 goblins
  11 hobgoblins
  2 quokkas (D:3)
  8 bats
  A frilled lizard (D:2)
  2 kobolds (D:2)
  5 rats
73 creatures vanquished.

Notes
Turn   | Place    | Note
-------+----------+-------------------------------------------
     0 | D:1      | voltaire321 the Formicid Fighter began the quest for the
                  | Orb.
     0 | D:1      | Reached XP level 1. HP: 18/18 MP: 1/1
   225 | D:1      | Reached XP level 2. HP: 24/24 MP: 2/2
   884 | D:2      | Reached XP level 3. HP: 29/29 MP: 3/3
  1199 | D:2      | Identified the +2 plate armour of the Eternal Fruit {rF+
                  | Will+}
  1226 | D:2      | Identified the +0 helmet "Docidwam" {Will- Str+2 Dex+7
                  | Stlth+}
  1482 | D:2      | Found a faded altar of an unknown god.
  1621 | D:3      | Noticed Sigmund
  1634 | D:3      | Killed Sigmund
  1635 | D:3      | Reached skill level 1 in Dodging
  1635 | D:3      | Reached skill level 5 in Shields
  1635 | D:3      | Reached XP level 4. HP: 27/37 MP: 4/4
  1635 | D:3      | Reached XP level 5. HP: 30/42 MP: 5/5
  1635 | D:3      | Reached XP level 6. HP: 35/48 MP: 6/6
  2144 | D:3      | Noticed Robin
  2169 | D:3      | Killed Robin
  2605 | D:3      | Noticed Ijyb
  2624 | D:3      | Killed Ijyb
  2775 | D:4      | Reached XP level 7. HP: 43/55 MP: 7/7
  2879 | D:4      | Noticed Pikel
  2895 | D:4      | Slain by a black bear

Illustrated notes

Levels and vault maps discovered:
D:1:      minmay_arrival_widening_spiral_wide, layout_basic
D:2:      layout_loops_ring, basic_ecumenical_altar
D:3:      layout_basic, kennysheep_pointless_box, uniq_ijyb, uniq_sigmund,
          uniq_robin
D:4:      layout_cave_pools, uniq_pikel

Skill      XL: |  1  2  3  4  5  6 |
---------------+-------------------+-----
Fighting       | 4 |  4.6
Axes           | 3 |  3.5
Armour         | 4 |  4.7
Dodging        | 1 2 |  2.4
Shields        | 5 |  5.6
Evocations     | |  0.5

Action                     |  1- 3 |  4- 6 |  7- 9 || total
---------------------------+-------+-------+-------++-------
  Melee: War axe           |    81 |   114 |    21 ||   216
    Use: Potion            |       |       |     1 ||     1
   Stab: Sleeping          |     1 |       |       ||     1
 Armour: Scale mail        |     3 |       |       ||     3
         Leather armour    |    22 |       |       ||    22
         Plate armour      |    13 |    86 |    37 ||   136
  Dodge: Dodged            |    49 |    36 |    28 ||   113
  Block: Buckler           |    17 |    36 |    14 ||    67

Table legend: (Time is in decaauts)
 A = Elapsed time spent in this place.
 B = Non-inter-level travel time spent in this place.
 C = Inter-level travel time spent in this place.
 D = Time resting spent in this place.
 E = Time spent auto-exploring this place.
 F = Levels seen in this place.
 G = Mean time per level.
                   A        B        C        D        E       F      G
               +--------+--------+--------+--------+--------+-----+--------+
         Total |   2976 |   2931 |     45 |      0 |   2217 |   4 |  744.0 |
       Dungeon |   2976 |   2931 |     45 |      0 |   2217 |   4 |  744.0 |
               +--------+--------+--------+--------+--------+-----+--------+

Top non-repeatable levels by time:
     D:3: 1165 daAuts
     D:1: 886 daAuts
     D:2: 756 daAuts
     D:4: 167 daAuts
